 Dungeon Crawl Stone Soup version 0.29.1-15-g9cfb28693d (webtiles) character file.

Game seed: 18379818989824101555

504 leafyfresh the Covert (level 7, -2/50 HPs)
             Began as an Octopode Delver on Mar 4, 2023.
             Slain by an orc
             ... wielding a +0 flail
              (5 damage)
             ... on level 3 of the Dungeon.
             The game lasted 00:02:27 (2440 turns).

leafyfresh the Covert (Octopode Delver)             Turns: 2440, Time: 00:02:28

Health: -2/50      AC:  1    Str: 12    XL:     7   Next: 17%
Magic:  7/7        EV: 14    Int: 14    God:
Gold:   105        SH:  0    Dex: 13    Spells: 6/6 levels left

rFire   . . .      SeeInvis .   a - +0 short sword
rCold   . . .      Faith    .   (no shield)
rNeg    . . .      Spirit   .   (helmet restricted)
rPois   .          Reflect  .   (no amulet)
rElec   .          Harm     .   (no ring)
rCorr   .          Rampage  .   (no ring)
Will    .....                   (no ring)
Stlth   +++++.....              (no ring)
HPRegen 0.16/turn               (no ring)
MPRegen 0.10/turn               (no ring)
                                (no ring)
                                (no ring)

@: no status effects
A: almost no armour, amphibious, 8 rings, camouflage 1, gelatinous body 1,
(nimble swimmer 1), tentacles
a: no special abilities


You were on level 3 of the Dungeon.
You visited 1 branch of the dungeon, and saw 3 of its levels.

You collected 105 gold pieces.

Inventory:

Hand Weapons
 a - a +0 short sword (weapon)
Jewellery
 d - an amulet of the acrobat
Wands
 f - a wand of digging (3)
Scrolls
 b - a scroll of fog
 c - a scroll of magic mapping
 g - a scroll of teleportation {unknown}
Potions
 e - a potion of haste
 h - a potion of heal wounds {unknown}
 i - 2 potions of brilliance {unknown}
 j - a potion of flight {unknown}


   Skills:
 + Level 5.1 Fighting
 - Level 2.0 Short Blades
 + Level 4.6 Dodging
 + Level 9.0 Stealth


You had 6 spell levels left.
You didn't know any spells.
Your spell library was empty.

Dungeon Overview and Level Annotations

Branches:
Dungeon (5/15)
 Temple: D:4-7

Altars:
Wu Jian

Shops:
D:5 =


Innate Abilities, Weirdness & Mutations

You cannot wear most types of armour.
You are amphibious.
You can wear up to eight rings at the same time.
Your skin changes colour to match your surroundings (Stealth+).
Your rubbery body absorbs attacks. (AC +1, EV +1)
((You are camouflaged when in or above water. (Stealth+)))
You have tentacles for arms and can constrict up to eight enemies at once.


Message History

You kill the kobold!
The orc hits you with a +0 flail!
You hit the orc but do no damage. Your grab misses the orc.
The orc hits you with a +0 flail.
The orc wizard points at you and mumbles some strange words.
The puff of flame hits you!
You barely miss the orc. You grab the orc.
You tentacle-slap the orc, but do no damage.
You constrict the orc, but do no damage.
The orc wizard points at you and mumbles some strange words.
You are confused.
The orc closely misses you.
You are too confused!
Unknown command.
You hit the orc. You squeeze the orc!
You kill the orc!
You constrict the orc, but do no damage.
The orc hits you with a +0 flail!
You release your grip on the orc.
The orc hits you with a +0 flail.
Unknown command.
You bump into the rock wall.
You feel less confused.
The orc wizard casts a spell.
The orc wizard flickers and vanishes!
Deactivating autopickup; reactivate with Ctrl-A.
The orc misses you.
You closely miss something. Something hits you.
The orc hits you with a +0 flail.
You hit something but do no damage.
You hear some strange, mumbled words.
A puff of flame appears from out of thin air!
The puff of flame hits you!
* * * LOW HITPOINT WARNING * * *
The orc misses you.
You miss something. The orc misses you. Something hits you.
* * * LOW HITPOINT WARNING * * *
You hit something. Your squeeze misses something.
The orc hits you with a +0 flail.
You die...

###########
#.........#
#.........#####
#@.............##
#{o.......##.#...#
#.!...............
#).)........≈≈.≈≈.
#.........≈..≈.≈..
#.........≈≈.....≈
#............._...
#####.##..≈≈.....≈
#.##..≈..≈.≈..


You could see an orc.

Vanquished Creatures
  Menkaure (D:4)
  Blork the orc (D:4)
  A scorpion (D:5)
  A necrophage (D:4)
  A vampire bat (D:4)
  An iguana (D:5)
  3 gnolls (D:4)
  An adder (D:4)
  A worm (D:4)
  A dart slug (D:3)
  3 fire bats (D:4)
  An orc (D:3)
  2 spectral bats (D:4)
  3 bat skeletons (D:4)
  A bat zombie (D:4)
  2 goblins
  A hobgoblin (D:4)
  2 kobolds
  2 ball pythons
  9 bats (D:4)
  A bat simulacrum (D:4)
39 creatures vanquished.

Vanquished Creatures (others)
  An iguana (D:5)
1 creature vanquished.

Grand Total: 40 creatures vanquished

Notes
Turn   | Place    | Note
-------+----------+-------------------------------------------
     0 | D:5      | leafyfresh the Octopode Delver began the quest for the Orb.
     0 | D:5      | Reached XP level 1. HP: 16/16 MP: 1/1
     3 | D:5      | Killed an iguana
    73 | D:5      | Noticed a scorpion
    88 | D:5      | Killed a scorpion
    89 | D:5      | Reached skill level 7 in Stealth
    89 | D:5      | Reached XP level 2. HP: 6/22 MP: 2/2
    89 | D:5      | Reached XP level 3. HP: 7/27 MP: 3/3
    89 | D:5      | Reached XP level 4. HP: 9/33 MP: 4/4
   368 | D:5      | Found Elys Uxi's Jewellery Emporium.
   845 | D:4      | Noticed Blork the orc
   853 | D:4      | Killed Blork the orc
   854 | D:4      | Reached XP level 5. HP: 14/37 MP: 5/5
  1230 | D:4      | Reached skill level 8 in Stealth
  1417 | D:4      | Reached XP level 6. HP: 36/44 MP: 6/6
  1653 | D:4      | Noticed Menkaure
  1658 | D:4      | Killed Menkaure
  1852 | D:4      | Reached skill level 5 in Fighting
  1852 | D:4      | Reached XP level 7. HP: 46/50 MP: 7/7
  2258 | D:4      | Reached skill level 9 in Stealth
  2373 | D:3      | Found an ornate altar of the Wu Jian Council.
  2440 | D:3      | Slain by an orc

Illustrated notes

Levels and vault maps discovered:
D:3:      layout_loops_corners, mainiacjoe_overflow_small_starburst,
          kennysheep_vampire_church, dilly_ecumenical_altar_fadedgnrine
D:4:      layout_gridville, goddamned_bats, uniq_menkaure, uniq_blork_the_orc
D:5:      layout_basic, kennysheep_ying_yang, minmay_shop_enchanted_jewellery,
          minmay_crystal_water, minmay_misc_feat_rows, st_stairs_4,
          nrook_campfire, uniq_duvessa

Skill      XL: |  1  2  3  4  5  6  7 |
---------------+----------------------+-----
Stealth        | 7 8 9 |  9.0
Dodging        | 3 4 |  4.6
Fighting       | 4 5 |  5.1
Short Blades   | |  2.0

Action                   |  1- 3 |  4- 6 |  7- 9 || total
-------------------------+-------+-------+-------++-------
Melee: Short sword       |     3 |    63 |    40 ||   106
       Tentacles         |     3 |    17 |     6 ||    26
       Constrict         |     1 |    15 |    11 ||    27
       Punch             |       |     1 |     1 ||     2
  Use: Scroll            |       |     1 |       ||     1
 Stab: Sleeping          |       |     6 |     8 ||    14
       Distracted        |       |       |     1 ||     1
Armor: Skin              |       |     7 |    10 ||    17
Dodge: Dodged            |     1 |    52 |    54 ||   107
